 Dungeon Crawl Stone Soup version 0.30.0-29-ga12c61a403 (webtiles) character file.

Game seed: 16599935193077796898

21866 ppsocheesy the Cleaver (level 12, -12/108 HPs)
             Began as a Minotaur Berserker on June 26, 2023.
             Was a High Priest of Trog.
             Shot with an arrow by a naga sharpshooter (15 damage)
             ... on level 1 of the Snake Pit.
             The game lasted 00:42:44 (15057 turns).

ppsocheesy the Cleaver (Minotaur Berserker)        Turns: 15057, Time: 00:42:44

Health: -12/108    AC: 20    Str: 26    XL:     12   Next: 58%
Magic:  11/11      EV: 13    Int:  4    God:    Trog [*****.]
Gold:   911        SH: 12    Dex: 17    Spells: 11/11 levels left

rFire   . . .        J - +3 hand axe
rCold   + . .        D - +0 kite shield
rNeg    . . .        Y - quicksilver dragon scales
rPois   .            (helmet restricted)
rElec   .            S - +1 cloak
rCorr   .            X - +2 pair of gloves
SInv    .            N - +0 pair of boots
Will    +....        H - amulet of regeneration
Stlth   +            B - +6 ring of dexterity
HPRegen 1.18/turn    E - ring of protection from cold
MPRegen 0.12/turn

%: no passive effects
@: lethally poisoned (-12 -> -13), on berserk cooldown, slowed, very slow
A: horns 2, retaliatory headbutt
a: Renounce Religion, Berserk, Trog's Hand, Brothers in Arms


You were on level 1 of the Snake Pit.
You worshipped Trog.
Trog was extremely pleased with you.
You visited 3 branches of the dungeon, and saw 15 of its levels.
You also visited: Bailey.

You collected 911 gold pieces.

Inventory:

Hand Weapons
 a - a +0 hand axe
 s - a +0 war axe
 J - a +3 hand axe (weapon)
Missiles
 u - 4 silver javelins (quivered)
Armour
 b - a +0 animal skin
 h - a +0 chain mail
 k - a +0 cloak
 l - a +0 pair of gloves
 D - a +0 kite shield (worn)
 N - a +0 pair of boots (worn)
 S - a +1 cloak (worn)
 U - +0 steam dragon scales
 X - a +2 pair of gloves (worn)
 Y - quicksilver dragon scales (worn)
Magical Staves
 O - a staff of earth
Jewellery
 y - a ring of magical power
 B - a +6 ring of dexterity (left hand)
 E - a ring of protection from cold (right hand)
 F - an amulet of reflection
 H - an amulet of regeneration (around neck)
 Q - a ring of willpower
Wands
 C - a wand of charming (7)
 L - a wand of flame (19)
 M - a wand of roots (10)
 Z - a wand of mindburst (11)
Scrolls
 c - 3 scrolls of magic mapping
 e - 11 scrolls of identify
 f - 2 scrolls of blinking {unknown}
 g - 5 scrolls of teleportation {unknown}
 i - 2 scrolls of fear {unknown}
 j - 3 scrolls of noise {unknown}
 o - 3 scrolls of enchant armour {unknown}
 t - 3 scrolls of fog
 v - 2 scrolls of poison {unknown}
 A - a scroll of vulnerability {unknown}
 G - a scroll of amnesia {unknown}
 I - 3 scrolls of torment {unknown}
 P - 2 scrolls of immolation {unknown}
 T - 3 scrolls of enchant weapon
 W - a scroll of acquirement {unknown}
Potions
 d - 3 potions of haste
 m - 4 potions of magic
 n - 7 potions of heal wounds {unknown}
 p - a potion of ambrosia
 q - 8 potions of curing {unknown}
 r - 4 potions of brilliance {unknown}
 w - 3 potions of lignification {unknown}
 x - a potion of might {unknown}
 z - 2 potions of invisibility {unknown}
 K - a potion of mutation {unknown}
 R - a potion of flight {unknown}
 V - 2 potions of degeneration {unknown}


   Skills:
 + Level 10.6 Fighting
 + Level 14.6 Axes
 * Level 9.2 Throwing
 + Level 10.3 Armour
 + Level 5.9 Dodging
 + Level 1.4 Stealth
 + Level 9.2 Shields


You had 11 spell levels left.
You didn't know any spells.
Your spell library contained the following spells:

 Spells                   Type           Power      Damage    Failure   Level
 Alistair's Intoxication  Tmut/Pois      0%         N/A       100%        5
 Borgnjor's Vile Clutch   Necr/Erth      0%         N/A       100%        5
 Eringya's Noxious Bog    Tmut/Pois      0%         N/A       100%        6


Dungeon Overview and Level Annotations

Branches:
Dungeon (11/15)            Temple (0/1) D:6            Lair (3/5) D:11
  Snake (1/4) Lair:3          Orc (0/2) D:11         Bailey (visited)
  Swamp: Lair:2-3    Shoals: Lair:2-3

Altars:
Qazlal
Xom
Zin

Shops:
D:1 =   D:2 (   D:9 *

Annotations:
Snake:1 Nikola


Innate Abilities, Weirdness & Mutations

You have a pair of horns on your head.
You reflexively headbutt those who attack you in melee.


Message History

You are exhausted.
You feel yourself slow down.
You feel sick.
Your ogre goes berserk!
You feel sick.
You feel sick.
You feel sick.
You swap places.
You feel sick.
You are no longer poisoned.
The naga sharpshooter shoots a bolt.
The bolt misses you.
The naga sharpshooter no longer looks unusually strong.
The naga sharpshooter spits poison at you.
You block the splash of poison.
The naga sharpshooter spits poison at you.
The splash of poison hits you.
You are poisoned.
* * * LOW HITPOINT WARNING * * *
The naga sharpshooter gestures wildly while chanting.
The naga sharpshooter magically shoots a bolt.
The bolt hits you.
* * * LOW HITPOINT WARNING * * *
A naga warrior comes into view. It is wielding a +3 halberd.
Nikola the Mad Inventor comes into view.
He is wielding a +2 rapier of electrocution.
You feel sick. Something hits your ogre. Something grabs your ogre.
Your ogre is constricted.
Nikola warns, "If you see one of my golems, approach with caution, they bite."
Your ogre hits Nikola with a +0 giant club!!
You slash the naga sharpshooter!
The naga sharpshooter is lightly wounded.
You feel sick.
The naga sharpshooter spits poison at you.
The splash of poison misses you. Something hits your ogre.
Your ogre is constricted.
Nikola hits your ogre with a +2 rapier of electrocution!!
Lightning courses through your ogre!!
Your ogre dies!
Your ogre's corpse disappears in a puff of smoke!
The naga sharpshooter mumbles some strange words.
The naga sharpshooter magically shoots an arrow.
The arrow hits you!
You die...

... .#. ...# .N##
....## ...##
..N...# ....##
......)#N@...#
N.......#ยง...#
###...#.N#..###
#..###N.###.#####
## #.@..........#
#.#..........#
....#........##
......#........#
........#.....#.###
....###.......#...#
#.## #######.#...#
### ..
............###.##
............#.....


You could see Nikola and 2 naga sharpshooters.

Vanquished Creatures
  A boulder beetle (D:11)
  A two-headed ogre (D:11)
  A naga warrior (Snake:1)
  A sea snake (Snake:1)
  A deep elf pyromancer (D:11)
  A mana viper (Snake:1)
  The ghost of erynZofia the Cleaver, a novice MiBe of Trog (D:5)
  An orc knight (Bailey)
  2 manticores
  A salamander (Lair:3)
  5 elephants
  4 black mambas
  A cane toad (Lair:2)
  Joseph (D:7)
  A gargoyle (D:11)
  Maggie (D:10)
  A komodo dragon (Lair:1)
  A troll (D:9)
  A hornet (D:10)
  3 blink frogs (Lair:2)
  2 wraiths
  4 wyverns
  2 basilisks
  13 yaks
  A steam dragon (D:4)
  3 vampire mosquitoes (D:11)
  A naga (Snake:1)
  11 water moccasins
  2 ice beasts
  9 orc warriors
  2 black bears
  An ogre (D:5)
  3 phantoms
  4 centaurs
  2 kobold brigands (D:6)
  11 bullfrogs
  A gnoll sergeant (D:6)
  4 scorpions
  13 wights
  6 killer bees (D:8)
  A howler monkey (D:11)
  An electric eel (Snake:1)
  5 jellies
  2 lava snakes (Lair:3)
  3 quasits (D:5)
  7 orc priests
  4 hounds
  A gnoll bouda (D:7)
  3 sleepcaps
  4 iguanas
  14 orc wizards
  10 gnolls
  4 adders
  A shadow imp (D:5)
  An ufetubus (D:6)
  A worm (D:4)
  A dart slug (D:3)
  54 orcs
  8 endoplasms
  8 giant cockroaches
  12 hobgoblins
  6 jackals (D:1)
  3 quokkas (D:4)
  4 ball pythons
  12 bats
  12 frilled lizards
  7 goblins
  26 kobolds
  7 rats
347 creatures vanquished.

Vanquished Creatures (collateral kills)
  A polar bear (Lair:2)
  2 blink frogs (Lair:2)
  3 yaks (Lair:2)
  A basilisk (Lair:2)
  A water moccasin (Lair:2)
8 creatures vanquished.

Vanquished Creatures (others)
  A kobold brigand (D:9)
1 creature vanquished.

Grand Total: 356 creatures vanquished

Notes
Turn   | Place    | Note
-------+----------+-------------------------------------------
     0 | D:1      | ppsocheesy the Minotaur Berserker began the quest for the
                  | Orb.
     0 | D:1      | Reached XP level 1. HP: 19/19 MP: 0/0
   136 | D:1      | Reached XP level 2. HP: 21/27 MP: 1/1
   180 | D:1      | Reached skill level 4 in Axes
   659 | D:1      | Reached ** piety under Trog
   736 | D:1      | Reached XP level 3. HP: 33/33 MP: 2/2
   856 | D:1      | Found Lefayrr's Jewellery Boutique.
   947 | D:1      | Found a faded altar of an unknown god.
  1662 | D:2      | Found Gomam's Weapon Emporium.
  2351 | D:3      | Reached *** piety under Trog
  2352 | D:3      | Reached XP level 4. HP: 39/41 MP: 3/3
  2383 | D:3      | Reached skill level 5 in Axes
  2930 | D:3      | Reached XP level 5. HP: 39/47 MP: 4/4
  3330 | D:4      | Reached skill level 6 in Axes
  3494 | D:4      | Noticed a phantom
  3499 | D:4      | Killed a phantom
  3500 | D:4      | Reached XP level 6. HP: 50/55 MP: 5/5
  3615 | D:4      | Noticed a steam dragon
  3624 | D:4      | Killed a steam dragon
  3625 | D:4      | Reached skill level 5 in Fighting
  3625 | D:4      | Reached skill level 1 in Throwing
  3758 | D:4      | Reached skill level 7 in Axes
  3758 | D:4      | Reached skill level 5 in Armour
  3758 | D:4      | Reached XP level 7. HP: 57/61 MP: 6/6
  4098 | D:5      | Entered Level 5 of the Dungeon
  4134 | D:5      | Reached **** piety under Trog
  4447 | D:5      | Reached skill level 8 in Axes
  4533 | D:5      | Found a transporter.
  4549 | D:5      | Found a transporter.
  4564 | D:5      | Noticed erynZofia's ghost (novice MiBe)
  4804 | D:5      | Reached XP level 8. HP: 70/70 MP: 7/7
  4807 | D:5      | Killed erynZofia's ghost
  4808 | D:5      | Reached skill level 9 in Axes
  5230 | D:5      | Reached skill level 10 in Axes
  5950 | D:6      | Reached XP level 9. HP: 63/78 MP: 8/8
  6147 | D:6      | Reached ***** piety under Trog
  6427 | D:6      | Found a glowing silver altar of Zin.
  6430 | D:6      | Noticed an angel
  6435 | D:6      | Found a shimmering altar of Xom.
  6497 | D:6      | Reached skill level 5 in Throwing
  6497 | D:6      | Reached skill level 1 in Shields
  6846 | D:6      | Found a staircase to the Ecumenical Temple.
  6899 | D:6      | Reached skill level 11 in Axes
  7769 | D:7      | Noticed Joseph
  7784 | D:7      | Killed Joseph
  7945 | D:7      | Reached skill level 1 in Stealth
  7963 | D:7      | Reached XP level 10. HP: 86/86 MP: 9/9
  8817 | D:8      | Reached skill level 12 in Axes
  9446 | D:9      | Noticed a manticore
  9456 | D:9      | Killed a manticore
  9722 | D:9      | Found Osisukk's Serpentskin Sales.
  9744 | D:9      | Reached skill level 5 in Shields
 10044 | D:10     | Entered Level 10 of the Dungeon
 10046 | D:10     | Noticed Maggie
 10081 | D:10     | Killed Maggie
 10256 | D:10     | Found a flagged portal.
 10283 | Bailey   | Entered a bailey
 10433 | Bailey   | Reached skill level 13 in Axes
 10483 | Bailey   | Noticed an orc knight
 10494 | Bailey   | Reached XP level 11. HP: 95/95 MP: 10/10
 10495 | Bailey   | Killed an orc knight
 11524 | D:11     | Noticed a deep elf pyromancer
 11533 | D:11     | Killed a deep elf pyromancer
 11596 | D:11     | Noticed a boulder beetle
 11636 | D:11     | Killed a boulder beetle
 12073 | D:11     | Found a staircase to the Lair.
 12084 | D:11     | Found a stormy altar of Qazlal.
 12278 | D:11     | Noticed a two-headed ogre
 12291 | D:11     | Killed a two-headed ogre
 12940 | D:11     | Found a staircase to the Orcish Mines.
 13007 | Lair:1   | Entered Level 1 of the Lair of Beasts
 13032 | Lair:1   | Reached skill level 14 in Axes
 13076 | Lair:1   | You fall into a shaft and drop 1 floor!
 13148 | Lair:2   | Received a gift from Trog
 13377 | Lair:2   | Reached skill level 10 in Armour
 13391 | Lair:2   | Reached XP level 12. HP: 93/106 MP: 11/11
 13713 | Lair:2   | Reached skill level 5 in Dodging
 13838 | Lair:2   | Reached skill level 10 in Fighting
 14531 | Lair:3   | Found a staircase to the Snake Pit.
 14617 | Snake:1  | Entered Level 1 of the Snake Pit
 15033 | Snake:1  | Noticed a naga warrior
 15046 | Snake:1  | Killed a naga warrior
 15055 | Snake:1  | HP: 5/108 [naga sharpshooter/splash of poison (5)]
 15055 | Snake:1  | Noticed a naga warrior
 15056 | Snake:1  | Noticed Nikola
 15057 | Snake:1  | Shot with an arrow by a naga sharpshooter

Illustrated notes

Levels and vault maps discovered:
D:1:      dpeg_arrival_houses_and_road, layout_basic,
          chequers_ecumenical_altar_twisty, serial_shops,
          nicolae_shop_pleasant_corner_grove, minmay_fountain_box,
          minmay_lizard_pond
D:2:      layout_loops_cross, serial_shops, shop
D:3:      wad_river_or_something, layout_basic, moated_statue,
          cheibrodos_gnoll_hut
D:4:      layout_basic
D:5:      layout_loops_cross, gammafunk_ghost_stat_death,
          chequers_decorated_corner, saegor_snake_ambush
D:6:      layout_basic, grunt_temple_overflow_order_and_chaos_1, temple_hall,
          hex_medium
D:7:      layout_rooms, uniq_joseph
D:8:      layout_layer_cave, chequers_arboretum, dk_noncrumbling_3, eino_jars
D:9:      layout_rooms, guppyfry_shop_venom
D:10:     layout_cave_pools, enter_bailey_2, minmay_misc_feat_x, uniq_maggie
D:11:     layout_small_grid, david_lair_generic, hiddenorc1_lemuel,
          mrwooster_statue_mirror, nicolae_qazlal_general_emergency
Lair:1:   layout_loops_ring
Lair:2:   layout_roguey, lemuel_fruit_tree
Lair:3:   layout_cave_pods, elwin_shoals_entry_rocks,
          nicolae_snake_entry_warm_welcome, maelrawn_ghost_gauntlet_escape,
          lemuel_fruit_fields, serial_bayou_shore_b
Snake:1:  layout_honeycomb, basic_altar, nicolae_snake_coiling_death,
          serial_bayou_shore_a, uniq_nikola

Skill      XL: |  1  2  3  4  5  6  7  8  9 10 11 12 |
---------------+-------------------------------------+-----
Axes           | 4 5 6 7 8 10 11 13 14 | 14.6
Fighting       | 4 5 6 7 8 9 10 | 10.6
Armour         | 3 4 5 6 7 8 10 | 10.3
Throwing       | 1 2 4 5 7 8 9 |  9.2
Dodging        | 3 4 5 |  5.9
Shields        | 3 5 7 9 |  9.2
Stealth        | 1 |  1.4

Action                     |  1- 3 |  4- 6 |  7- 9 | 10-12 || total
---------------------------+-------+-------+-------+-------++-------
  Melee: Hand axe          |   136 |    10 |    38 |   661 ||   845
         Headbutt          |    12 |     8 |    40 |   170 ||   230
         Punch             |     1 |       |     2 |       ||     3
         War axe           |       |    79 |   168 |       ||   247
  Throw: Javelin           |       |     6 |       |     1 ||     7
 Invoke: Berserk           |       |     1 |     6 |     7 ||    14
         Brothers in Arms  |       |       |       |     2 ||     2
    Use: Potion            |     2 |     1 |       |       ||     3
         Scroll            |     1 |     2 |       |     1 ||     4
 Armour: Animal skin       |    12 |       |       |       ||    12
         Chain mail        |    52 |    47 |   129 |   107 ||   335
         Quicksilver drago |       |       |       |    69 ||    69
  Dodge: Dodged            |    80 |    42 |   122 |   183 ||   427
  Block: Kite shield       |       |       |    82 |   367 ||   449
         Reflection        |       |       |     6 |    18 ||    24
